 Dungeon Crawl Stone Soup version 0.18.1-6-gd335043 (webtiles) character file.

1716 shmeve the Skirmisher (level 9, -6/57 HPs)
             Began as a Kobold Berserker on May 19, 2016.
             Was an Elder of Trog.
             Killed by divine providence
             ... invoked by an orc priest
              (16 damage)
             ... on level 6 of the Dungeon.
             The game lasted 00:16:00 (5928 turns).

shmeve the Skirmisher (Kobold Berserker)            Turns: 5928, Time: 00:16:01

Health: -6/57      AC:  7    Str: 19    XL:     9   Next: 24%
Magic:  9/9        EV: 20    Int:  5    God:    Trog [****..]
Gold:   279        SH:  0    Dex: 19    Spells: 0 memorised, 8 levels left

rFire  . . .     SeeInvis .     m - +0 war axe
rCold  . . .     Gourm    .     x - +2 leather armour {MR+}
rNeg   . . .     Faith    +     (shield restricted)
rPois  +         Spirit   .     u - +1 helmet
rElec  .         Dismiss  .     (no cloak)
rCorr  .         Reflect  .     (no gloves)
SustAt .         Harm     .     (no boots)
MR     +++..                    r - amulet of faith
Stlth  +++.......               D - +4 ring of dexterity
                                p - ring of poison resistance

@: exhausted, regenerating, slowed, very slow, extremely resistant to hostile
enchantments, fairly stealthy
A: carnivore 3
a: Berserk, Trog's Hand, Brothers in Arms, Burn Spellbooks, Renounce Religion


You were on level 6 of the Dungeon.
You worshipped Trog.
Trog was greatly pleased with you.
You were not hungry.

You visited 1 branch of the dungeon, and saw 6 of its levels.
You also visited: Ossuary.

You collected 279 gold pieces.

Inventory:

Hand Weapons
 m - a +0 war axe (weapon)
Missiles
 k - 8 needles of sleeping
 t - 9 tomahawks
 A - 3 throwing nets (quivered)
 M - 19 poisoned needles
Armour
 u - a +1 helmet (worn)
 x - a +2 leather armour of magic resistance (worn)
Jewellery
 p - a ring of poison resistance (left hand)
 r - an amulet of faith (around neck)
 D - a +4 ring of dexterity (right hand)
Wands
 b - a wand of teleportation (3/9)
 y - a wand of flame (23/48)
 C - a wand of digging (13/24)
 F - a wand of acid (0/15)
 N - a wand of slowing (29/48)
Scrolls
 a - 4 scrolls of identify {unknown}
 d - 5 scrolls of fear {unknown}
 e - 5 scrolls of remove curse {unknown}
 h - 3 scrolls of amnesia {unknown}
 i - a scroll of magic mapping {unknown}
 l - 4 scrolls of fog {unknown}
 q - a scroll of enchant weapon {unknown}
 s - a scroll of enchant armour {unknown}
 w - a scroll of blinking {unknown}
 B - 3 scrolls of teleportation {unknown}
 I - a scroll of vulnerability {unknown}
 J - a scroll of silence {unknown}
Potions
 f - a potion of cancellation {unknown}
 g - 3 potions of mutation {unknown}
 j - 2 potions of heal wounds {unknown}
 o - a potion of flight {unknown}
 v - 5 potions of curing {unknown}
 E - a potion of lignification {unknown}
 G - 2 potions of might {unknown}
 H - a potion of degeneration {unknown}
 K - a potion of berserk rage {unknown}
 L - a potion of ambrosia {unknown}
Comestibles
 c - a meat ration
 n - a beef jerky
 z - a slice of pizza


   Skills:
 * Level 7.0 Fighting
 * Level 5.8 Axes
 + Level 4.1 Throwing
 - Level 1.5 Armour
 * Level 6.9 Dodging
 + Level 5.5 Stealth


You had 8 spell levels left.
You didn't know any spells.

Dungeon Overview and Level Annotations

Branches:
Dungeon (6/15)             Temple (0/1) D:6

Altars:
Dithmenos
Elyvilon
Fedhas
Makhleb
Pakellas
Yredelemnul

Annotations:
D:6 Grinder


Innate Abilities, Weirdness & Mutations

You are small and have problems with some larger weapons.
You are carnivorous and can eat meat at any time.


Message History

You feel less resistant to hostile enchantments.
The orc misses you. The orc priest closely misses you.
Grinder closely misses you. The orc misses you.
The orc priest mumbles some strange prayers to Beogh against you.
Beogh smites you!
* * * LOW HITPOINT WARNING * * *
Grinder gestures at you. You resist with almost no effort.
Your skin crawls.
You feel resistant to hostile enchantments.
You feel slightly more hungry. The orc misses you.
The orc priest closely misses you. Grinder misses you.
You hit the orc priest.
The orc priest is almost dead.
You closely miss Grinder. You hit the orc.
The orc is moderately wounded.
The orc misses you.
The orc priest mumbles some strange prayers to Beogh against you.
Beogh smites you!
You die...

.......†.........#
......#)#.#.#.#..#
.................#
......#.......#..#
................## #.
....#.#...>...#.### ..
..#...............##.#..
....#.......#5).......
.......o@.##....
#.#.#.#..o##....
........).......
..>....†).##....
.#........# ...
#.$......# .. #.........
. ..........#.
....#######..


You could see Grinder, an orc priest and an orc.

Vanquished Creatures
  The ghost of jerkstore the Twirler, an amateur FoFi (D:4)
  The ghost of ShutUppercut the Cudgeler, an amateur OpFi of Ru (D:5)
  A wraith (Ossuary)
  An orc warrior (D:6)
  An ice beast (D:5)
  A phantom (D:5)
  An ogre (D:4)
  2 giant frogs (D:6)
  A scorpion (D:4)
  4 orc priests
  A hound (D:5)
  6 orc wizards
  2 worker ants (D:5)
  A mummy (Ossuary)
  7 adders
  6 gnolls
  A howler monkey skeleton (D:4)
  An adder skeleton (D:4)
  3 worms (D:2)
  A dart slug (D:2)
  6 giant geckos
  25 orcs
  7 giant cockroaches
  7 goblins
  10 hobgoblins
  8 jackals
  3 quokkas
  A ball python skeleton (D:4)
  7 bats
  5 giant newts
  5 gnoll skeletons (Ossuary)
  8 kobolds
  4 kobold skeletons (Ossuary)
  16 orc skeletons (Ossuary)
  5 rats
160 creatures vanquished.

Notes
Turn   | Place    | Note
--------------------------------------------------------------
     0 | D:1      | shmeve the Kobold Berserker began the quest for the Orb.
     0 | D:1      | Reached XP level 1. HP: 14/14 MP: 1/1
   231 | D:1      | Reached XP level 2. HP: 12/19 MP: 2/2
   936 | D:1      | Reached skill level 1 in Stealth
  1025 | D:1      | Reached XP level 3. HP: 16/23 MP: 3/3
  1265 | D:2      | Reached ** piety under Trog
  1463 | D:2      | Reached skill level 1 in Throwing
  1873 | D:2      | Reached XP level 4. HP: 25/29 MP: 4/4
  2208 | D:2      | Found a blossoming altar of Fedhas.
  2553 | D:2      | Reached skill level 4 in Fighting
  2553 | D:2      | Reached XP level 5. HP: 30/33 MP: 5/5
  2833 | D:3      | Reached *** piety under Trog
  3456 | D:3      | Found a basalt altar of Yredelemnul.
  3820 | D:3      | Found a burning altar of Makhleb.
  3832 | D:3      | Reached XP level 6. HP: 38/38 MP: 6/6
  4095 | D:4      | Noticed an ogre
  4103 | D:4      | Killed an ogre
  4178 | D:4      | Reached XP level 7. HP: 44/44 MP: 7/7
  4208 | D:4      | Noticed jerkstore's ghost (amateur FoFi)
  4216 | D:4      | Killed jerkstore's ghost
  4216 | D:4      | Reached skill level 5 in Fighting
  4346 | D:4      | Found an oddly glowing altar of Pakellas.
  4381 | D:4      | Reached skill level 5 in Dodging
  4384 | D:4      | Reached **** piety under Trog
  4620 | D:4      | Reached XP level 8. HP: 50/50 MP: 8/8
  4722 | D:4      | Found a white marble altar of Elyvilon.
  4753 | D:5      | Entered Level 5 of the Dungeon
  4966 | D:5      | Noticed ShutUppercut's ghost (amateur OpFi)
  4975 | D:5      | Killed ShutUppercut's ghost
  4975 | D:5      | Reached skill level 6 in Fighting
  4975 | D:5      | Reached skill level 5 in Axes
  5318 | D:5      | Found a sand-covered staircase.
  5331 | Ossuary  | Entered an ossuary
  5331 | Ossuary  | Noticed a wraith
  5331 | Ossuary  | Noticed a wraith
  5331 | Ossuary  | Noticed a wraith
  5372 | Ossuary  | Noticed a wraith
  5395 | Ossuary  | Killed a wraith
  5395 | Ossuary  | Reached skill level 5 in Stealth
  5395 | Ossuary  | Reached XP level 9. HP: 7/56 MP: 9/9
  5849 | D:6      | Found a shadowy altar of Dithmenos.
  5863 | D:6      | Found a staircase to the Ecumenical Temple.
  5910 | D:6      | Noticed Grinder
  5915 | D:6      | Reached skill level 7 in Fighting
  5928 | D:6      | Killed from afar by an orc priest

Skill      XL: |  1  2  3  4  5  6  7  8  9 |
---------------+----------------------------+-----
Stealth        | 1 2 3 4 5 |  5.5
Axes           | 3 4 5 |  5.8
Throwing       | 1 2 3 4 |  4.1
Dodging        | 3 4 5 6 |  6.9
Fighting       | 4 5 6 7 |  7.0
Armour         | |  1.5

Action                   |  1- 3 |  4- 6 |  7- 9 || total
-------------------------+-------+-------+-------++-------
Melee: Hand axe          |    92 |       |       ||    92
       War axe           |    20 |   146 |   184 ||   350
Throw: Tomahawk          |       |     6 |       ||     6
       Throwing net      |       |       |     3 ||     3
Invok: Berserk           |     4 |     4 |     7 ||    15
       Trog's Hand       |       |     2 |     5 ||     7
       Burn Spellbooks   |       |     1 |       ||     1
Evoke: Wand              |       |     2 |     2 ||     4
 Stab: Sleeping          |     1 |     3 |     3 ||     7
       Distracted        |       |     1 |     1 ||     2
  Eat: Chunk             |    15 |    11 |    10 ||    36
Armor: Animal skin       |    10 |    40 |       ||    50
       Leather armour    |       |     3 |    53 ||    56
Dodge: Dodged            |   107 |   214 |   236 ||   557
